 Dungeon Crawl Stone Soup version 0.29.1-13-g9f3cf754e1 (webtiles) character file.

Game seed: 5834085273922605616

37 devnull the Grave Robber (level 3, 0/24 HPs)
             Began as a Demonspawn Necromancer on Jan 22, 2023.
             Slain by a gnoll
             ... wielding a +0 whip
              (6 damage)
             ... on level 2 of the Dungeon.
             The game lasted 00:05:00 (1663 turns).

devnull the Grave Robber (Demonspawn Necromancer)   Turns: 1663, Time: 00:05:01

Health: 0/24       AC:  4    Str:  8    XL:     3   Next: 23%
Magic:  2/6        EV: 12    Int: 18    God:
Gold:   88         SH:  0    Dex: 13    Spells: 5/6 levels left

rFire   + . .      SeeInvis .   b - +0 sling
rCold   + . .      Faith    .   (no shield)
rNeg    . . .      Spirit   .   n - +2 robe {rC+ rF+}
rPois   .          Reflect  .   (no helmet)
rElec   .          Harm     .   (no cloak)
rCorr   .          Rampage  .   (no gloves)
Will    .....                   (no boots)
Stlth   ++........              (no amulet)
HPRegen 0.08/turn               (no ring)
MPRegen 0.10/turn               (no ring)

@: no status effects
A: powered by pain 1
a: no special abilities


You were on level 2 of the Dungeon.
You visited 1 branch of the dungeon, and saw 2 of its levels.

You collected 88 gold pieces.

Inventory:

Hand Weapons
 a - a +0 dagger
 b - a +0 sling (weapon)
Missiles
 f - 6 silver javelins
 h - 2 poisoned darts
 o - 2 boomerangs of dispersal
Armour
 e - a +0 robe
 l - a +0 ring mail
 n - a +2 robe of resistance (worn)
Scrolls
 c - a scroll of identify {unknown}
 g - a scroll of poison
 k - a scroll of fear {unknown}
Potions
 d - a potion of attraction {unknown}
 i - a potion of degeneration {unknown}
 j - a potion of invisibility {unknown}
 m - a potion of magic


   Skills:
 - Level 1.7 Dodging
 - Level 1.7 Stealth
 - Level 2.0 Spellcasting
 + Level 5.6 Necromancy


You had 5 spell levels left.
You knew the following spells:

 Your Spells              Type           Power      Damage    Failure   Level
a - Necrotise             Necr           88%        1d8       1%          1

Your spell library contained the following spells:

 Spells                   Type           Power      Damage    Failure   Level
 Vampiric Draining        Necr           22%        2d7       5%          3
 Animate Dead             Necr           22%        N/A       17%         4
 Sandblast                Erth           2%         2d4       19%         1
 Passwall                 Tmut/Erth      0%         N/A       26%         2
 Agony                    Necr           22%        N/A       43%         5
 Stone Arrow              Conj/Erth      2%         3d7       47%         3


Dungeon Overview and Level Annotations

Branches:
Dungeon (2/15)

Altars:


Innate Abilities, Weirdness & Mutations

You sometimes gain a little power by taking damage.


Message History

The gnoll barely misses you. The gnoll attacks as you move away!
The gnoll closely misses you.
Things that are here:
a +0 dagger; a kobold corpse
Casting: Necrotise (safe; 2% risk of failure)
Confirm with . or Enter, or press ? or * to list all spells.
Aiming: Necrotise (safe; 2% risk of failure)
Press: ? - help, Shift-Dir - straight line, f/p - gnoll
Aim: a gnoll, wielding a +0 club (chance to affect: 84%)
The gnoll writhes in agony.
The gnoll hits you with a +0 club.
Casting: Necrotise (safe; 2% risk of failure)
Confirm with . or Enter, or press ? or * to list all spells.
Aiming: Necrotise (safe; 2% risk of failure)
Press: ? - help, Shift-Dir - straight line, f/p - gnoll
Aim: a gnoll, wielding a +0 club (heavily wounded, chance to affect: 84%)
The gnoll writhes in agony!
The gnoll attacks as you move away! The gnoll closely misses you.
Casting: Necrotise (safe; 2% risk of failure)
Confirm with . or Enter, or press ? or * to list all spells.
Aiming: Necrotise (safe; 2% risk of failure)
Press: ? - help, Shift-Dir - straight line, f/p - gnoll
Aim: a gnoll, wielding a +0 club (almost dead, chance to affect: 84%)
The gnoll barely resists.
The gnoll hits you with a +0 club.
* * * LOW HITPOINT WARNING * * *
Casting: Necrotise (safe; 2% risk of failure)
Confirm with . or Enter, or press ? or * to list all spells.
Aiming: Necrotise (safe; 2% risk of failure)
Press: ? - help, Shift-Dir - straight line, f/p - gnoll
Aim: a gnoll, wielding a +0 club (almost dead, chance to affect: 84%)
The gnoll writhes in agony.
You kill the gnoll!
You have reached level 3!
Your experience leads to an increase in your attributes!
Increase (S)trength, (I)ntelligence, or (D)exterity?
You feel clever. x2
Okay, then.
There is an open door here.
The gnoll attacks as you move away! The gnoll hits you but does no damage.
The gnoll attacks as you move away! The gnoll hits you with a +0 whip.
You die...

#.......##
.........#
.......Z.#
.........#
.........#
.......g.#
.........#
#######g##
#######@#
#.......#
#.####### #.####
#....# ####.#
#.######
###.#....#
#.....##.#########


You could see 2 gnolls and a friendly gnoll skeleton.

Vanquished Creatures
  A gnoll (D:2)
  A worm (D:2)
  A bat (D:1)
  4 giant cockroaches (D:1)
  3 goblins
  A quokka (D:1)
  6 ball pythons (D:1)
  A frilled lizard (D:2)
  4 kobolds
  2 rats (D:1)
24 creatures vanquished.

Notes
Turn   | Place    | Note
-------+----------+-------------------------------------------
     0 | D:1      | devnull the Demonspawn Necromancer began the quest for the
                  | Orb.
     0 | D:1      | Reached XP level 1. HP: 13/13 MP: 3/3
   384 | D:1      | Gained mutation: You sometimes gain a little power by
                  | taking damage. [demonic ancestry]
   384 | D:1      | Reached XP level 2. HP: 19/19 MP: 1/5
   436 | D:1      | Reached skill level 5 in Necromancy
  1085 | D:1      | You fall into a shaft and drop 1 floor!
  1654 | D:2      | Reached XP level 3. HP: 5/24 MP: 1/6
  1663 | D:2      | Slain by a gnoll

Illustrated notes

Levels and vault maps discovered:
D:1:      grunt_arrival_crossed_arrows, layout_loops_ring
D:2:      layout_basic, dreamdust_ecumenical_altar_angels_and_demons

Skill      XL: |  1  2 |
---------------+-------+-----
Necromancy     | 5 |  5.6
Dodging        | |  1.7
Stealth        | |  1.7
Spellcasting   | |  2.0

Action                   || total
-------------------------++-------
Melee: Dagger            ||    26
       Unarmed           ||     3
       Punch             ||     1
 Fire: Sling             ||    14
Throw: Stone             ||     1
 Cast: Necrotise         ||    23
  Use: Scroll            ||     1
 Stab: Sleeping          ||     2
Armor: Robe              ||     6
Dodge: Dodged            ||    26
